 Dungeon Crawl Stone Soup version 0.30-a0-949-g53dc5368d7 (webtiles) character file.

Game seed: 13654926570086390494

340 OrthodoxDeviant the Trooper (level 6, -1/48 HPs)
             Began as a Vampire Fighter on Mar 27, 2023.
             Slain by Ijyb
             ... wielding a +0 club
              (2 damage)
             ... on level 5 of the Dungeon.
             The game lasted 00:11:24 (3271 turns).

OrthodoxDeviant the Trooper (Vampire Fighter)       Turns: 3271, Time: 00:11:24

Health: -1/48      AC:  8    Str: 20    XL:     6   Next: 30%
Magic:  6/6        EV: 15    Int: 10    God:
Gold:   249        SH:  5    Dex: 14    Spells: 5/5 levels left

rFire   . . .      SeeInvis +    a - +0 war axe
rCold   + . .      Faith    .    c - +0 buckler
rNeg    + . .      Spirit   .    b - +0 scale mail
rPois   .          Reflect  .    q - +0 helmet of Sif Muna's Hatred {rN+ Str+3}
rElec   .          Rampage  .    (no cloak)
rCorr   .                        (no gloves)
Will    .....                    (no boots) Stlth
                                 (no amulet)
HPRegen 0.48/turn                k - +5 ring of evasion
MPRegen 0.10/turn                n - ring of protection from cold

@: mighty, healing quickly
A: alive, fangs 3, see invisible, vampiric 2
a: Exsanguinate


You were on level 5 of the Dungeon.
You visited 1 branch of the dungeon, and saw 5 of its levels.

You collected 249 gold pieces.

Inventory:

Hand Weapons
 a - a +0 war axe (weapon)
Missiles
 f - 6 curare-tipped darts (quivered)
Armour
 b - a +0 scale mail (worn)
 c - a +0 buckler (worn)
 q - the +0 helmet of Sif Muna's Hatred (worn) {rN+ Str+3}
   (You found it on level 3 of the Dungeon)

   Str:       It affects your strength (+3).
   rN:        It protects you from negative energy.
Magical Staves
 e - a staff of air
Jewellery
 k - a +5 ring of evasion (left hand)
 n - a ring of protection from cold (right hand)
Scrolls
 g - a scroll of summoning
 h - a scroll of enchant armour
 j - 2 scrolls of blinking
 l - a scroll of teleportation {unknown}
 m - 2 scrolls of fog {unknown}
 r - 2 scrolls of silence {unknown}
 w - a scroll of noise {unknown}
 x - a scroll of amnesia {unknown}
Potions
 d - 3 potions of might
 i - a potion of mutation {unknown}
 o - 2 potions of flight {unknown}
 p - 2 potions of lignification {unknown}
 s - a potion of haste {unknown}
 t - a potion of heal wounds {unknown}
 u - a potion of brilliance {unknown}
 v - a potion of curing {unknown}


   Skills:
 * Level 4.1 Fighting
 * Level 3.5 Axes
 + Level 3.2 Armour
 + Level 2.1 Dodging
 + Level 3.5 Shields


You had 5 spell levels left.
You didn't know any spells.
Your spell library contained the following spells:

 Spells                   Type           Power      Damage    Failure   Level
 Freeze                   Ice            0%         1d3       80%         1
 Blink                    Tloc           0%         N/A       91%         2
 Lesser Beckoning         Tloc           0%         N/A       91%         2
 Momentum Strike          Conj/Tloc      0%         3d8       91%         2
 Frozen Ramparts          Ice            0%         1d1       99%         3
 Gell's Gravitas          Tloc           0%         N/A       99%         3
 Hailstorm                Conj/Ice       0%         3d3       99%         3
 Ozocubu's Armour         Ice            0%         N/A       99%         3
 Teleport Other           Tloc           0%         N/A       99%         3
 Ozocubu's Refrigeration  Ice            0%         4d7       100%        7


Dungeon Overview and Level Annotations

Branches:
Dungeon (5/15)
 Temple: D:4-7

Altars:
Vehumet

Annotations:
D:5 Ijyb


Innate Abilities, Weirdness & Mutations

Your natural rate of healing is accelerated.
You have razor-sharp teeth.
You have supernaturally acute eyesight. (SInv)
You are afflicted with vampirism and can become a bat while bloodless.


Message History

You miss the hound. The hound closely misses you. Ijyb closely misses you.
The grasping roots constrict you. The hound bites you but does no damage.
Ijyb closely misses you. The grasping roots constrict you.
The grasping roots release their grip on you.
You hit Ijyb but do no damage. Your bite misses Ijyb.
Ijyb is heavily wounded.
You slash the hound!
You kill the hound!
Ijyb zaps a wand.
The roots erupt in riotous growth!
The grasping roots grab you!
Ijyb is unaffected.
The grasping roots constrict you.
* * * LOW HITPOINT WARNING * * *
You hear a shout!
You closely miss Ijyb.
Ijyb is heavily wounded.
Ijyb closely misses you. The grasping roots constrict you.
* * * LOW HITPOINT WARNING * * *
You hit Ijyb but do no damage.
Ijyb is heavily wounded.
Ijyb closely misses you. The grasping roots constrict you.
You block Ijyb's attack. The grasping roots constrict you.
* * * LOW HITPOINT WARNING * * *
The grasping roots release their grip on you.
You closely miss Ijyb.
Ijyb is heavily wounded.
Ijyb hits you with a +0 club.
* * * LOW HITPOINT WARNING * * *
You barely miss Ijyb. You bite Ijyb.
Ijyb is severely wounded.
Ijyb screams, "Level is mine!
All mine!"
Ijyb hits you but does no damage. Ijyb hits you with a +0 club.
* * * LOW HITPOINT WARNING * * *
You feel very mighty all of a sudden. Ijyb hits you with a +0 club.
* * * LOW HITPOINT WARNING * * *
Unknown command.
You barely miss Ijyb.
Ijyb is severely wounded.
Ijyb hits you with a +0 club.
You die...

#.. .# #.... #.# #....
...# #.... ..#
.####....###.##
.......##.....##
...............##
.......)..)<....#
......g@).......## ...
..........)......# ...
.................##.....
........................
..................##....
#...........?..##......$
##................##.?..
##########........ ..
##..#..... .


You could see Ijyb.

Vanquished Creatures
  An ogre (D:4)
  An orc priest (D:4)
  A hound (D:5)
  Natasha (twice) (D:3)
  3 adders
  4 gnolls
  An ufetubus (D:5)
  3 worms
  7 orcs
  5 ball pythons
  3 bats
  2 endoplasms
  A giant cockroach (D:3)
  2 goblins
  10 hobgoblins
  2 jackals (D:4)
  6 kobolds
  3 quokkas
  2 frilled lizards
  5 rats
64 creatures vanquished.

Notes
Turn   | Place    | Note
-------+----------+-------------------------------------------
     0 | D:1      | OrthodoxDeviant the Vampire Fighter began the quest for the
                  | Orb.
     0 | D:1      | Reached XP level 1. HP: 17/17 MP: 1/1
   163 | D:1      | Reached XP level 2. HP: 15/23 MP: 2/2
   539 | D:2      | Reached skill level 3 in Fighting
   680 | D:2      | Gained mutation: You are afflicted with vampirism and can
                  | become a bat while bloodless. [Vampire growth]
   680 | D:2      | Reached XP level 3. HP: 29/29 MP: 3/3
  1835 | D:3      | Found a radiant altar of Vehumet.
  1916 | D:3      | Noticed Natasha
  1932 | D:3      | Killed Natasha
  1933 | D:3      | Reached XP level 4. HP: 29/35 MP: 4/4
  1936 | D:3      | Noticed Natasha
  1949 | D:3      | Killed Natasha
  1950 | D:3      | Reached skill level 1 in Dodging
  2023 | D:3      | Identified the +0 helmet of Sif Muna's Hatred {rN+ Str+3}
  2452 | D:4      | Noticed an ogre
  2474 | D:4      | Killed an ogre
  2475 | D:4      | Reached XP level 5. HP: 24/42 MP: 5/5
  2592 | D:4      | Reached skill level 4 in Fighting
  2655 | D:4      | Reached XP level 6. HP: 48/48 MP: 6/6
  3188 | D:5      | Entered Level 5 of the Dungeon
  3188 | D:5      | Noticed Ijyb
  3269 | D:5      | HP: 2/48 [Ijyb/+0 club (5)]
  3271 | D:5      | Slain by Ijyb

Illustrated notes

Levels and vault maps discovered:
D:1:      co_arrival_square_in_a_square_in_a_square, layout_rooms
D:2:      layout_basic, minmay_pentomino_q2
D:3:      layout_basic, lemuel_round_altar, uniq_natasha
D:4:      layout_cave_pools
D:5:      layout_rooms, lemuel_tele_altar, uniq_blork_the_orc, uniq_menkaure,
          uniq_ijyb

Skill      XL: |  1  2  3  4  5  6 |
---------------+-------------------+-----
Axes           | 2 3 |  3.5
Fighting       | 3 4 |  4.1
Shields        | 3 |  3.5
Dodging        | 1 2 |  2.1
Armour         | 3 |  3.2

Action                     |  1- 3 |  4- 6 || total
---------------------------+-------+-------++-------
  Melee: War axe           |    96 |   100 ||   196
         Bite              |     2 |    14 ||    16
  Throw: Dart              |       |     1 ||     1
    Use: Scroll            |     2 |     1 ||     3
         Potion            |       |     1 ||     1
 Armour: Scale mail        |    34 |    34 ||    68
  Dodge: Dodged            |    70 |    91 ||   161
  Block: Buckler           |    32 |    28 ||    60

Table legend: (Time is in decaauts)
 A = Elapsed time spent in this place.
 B = Non-inter-level travel time spent in this place.
 C = Inter-level travel time spent in this place.
 D = Time resting spent in this place.
 E = Time spent auto-exploring this place.
 F = Levels seen in this place.
 G = Mean time per level.
                   A        B        C        D        E       F      G
               +--------+--------+--------+--------+--------+-----+--------+
         Total |   3364 |   2886 |    478 |     96 |   2108 |   5 |  672.8 |
       Dungeon |   3364 |   2886 |    478 |     96 |   2108 |   5 |  672.8 |
               +--------+--------+--------+--------+--------+-----+--------+

Top non-repeatable levels by time:
     D:2: 1258 daAuts
     D:4: 790 daAuts
     D:3: 773 daAuts
     D:1: 493 daAuts
     D:5: 47 daAuts
